[Event "Titled Tuesday Blitz February 21 Early 2023"]
[White "Makarian, Rudik"]
[Black "Zemlyanskii, Ivan"]
[WhiteFideId "44105681"]
[BlackFideId "24249971"]
[WhiteElo "2545"]
[BlackElo "2300"]
[Result "1-0"]
[Round "05"]
[TimeControl "180+2"]
[Date "2023.02.21"]
[WhiteClock "0:00:31"]
[BlackClock "0:00:01"]

1. d4 d5 2. c4 c6 3. Nf3 Nf6 4. Nc3 dxc4 5. a4 Bf5 6. Ne5 Nbd7 7. Nxc4 Qc7 8. g3 e5 9. dxe5 Nxe5 10. Bf4 Nfd7 11. Qc1 f6 12. Bg2 g5 13. Nxe5 Nxe5 14. Be3 O-O-O 15. a5 Kb8 16. O-O Bb4 17. Bxa7+ Kc8 18. Bb6 Qe7 19. a6 bxa6 20. Bxd8 Rxd8 21. Nd5 Qc5 22. Nxb4 Qxb4 23. Rxa6 Be4 24. Ra8+ Kc7 25. Rxd8 Kxd8 26. Rd1+ Ke8 27. Qd2 Qc4 28. b3 Qc2 29. Qxc2 Bxc2 30. Rc1 Bxb3 31. Bxc6+ Ke7 32. Be4 h5 33. Rc7+ Kd6 34. Rh7 Bd1 35. Kf1 Nc4 36. Ke1 Ba4 37. Rxh5 Bd7 38. Rh6 Ke7 39. Bd5 Ne5 40. Rh7+ Kd6 41. Be4 Be6 42. h4 gxh4 43. gxh4 f5 44. Bc2 f4 45. h5 f3 46. h6 fxe2 47. Kxe2 Bc4+ 48. Ke3 Ng4+ 49. Kf4 Be6 50. f3 Nf6 51. Ra7 Nd5+ 52. Kg5 Ke5 53. h7 1-0


[Site "https://www.chess.com"]

[Event "Titled Tuesday Blitz February 21 Early 2023"]
[White "Kislinsky, Alexey"]
[Black "Vokhidov, Shamsiddin"]
[WhiteFideId "14108801"]
[BlackFideId "14204223"]
[WhiteElo "2357"]
[BlackElo "2586"]
[Result "0-1"]
[Round "05"]
[TimeControl "180+2"]
[Date "2023.02.21"]
[WhiteClock "0:00:09"]
[BlackClock "0:00:21"]

1. e4 c5 2. c3 Nf6 3. e5 Nd5 4. Bc4 Nb6 5. Bb3 d6 6. exd6 Qxd6 7. Nf3 c4 8. Bc2 Qe6+ 9. Kf1 Nc6 10. Na3 g6 11. h4 h6 12. b3 Bg7 13. Nb5 Qd7 14. Qe2 a6 15. Na3 cxb3 16. axb3 Qc7 17. Nc4 Bg4 18. Nxb6 Qxb6 19. Ra4 h5 20. Qe3 Qc7 21. Ng5 Bh6 22. Ba3 O-O-O 23. Bc5 Rd7 24. Bb6 Qd6 25. Ne4 Qe5 26. Qc5 Qxc5 27. Bxc5 f5 28. Ng5 Rxd2 29. Ra2 Bxg5 30. hxg5 Rhd8 31. Kg1 Bd1 32. Bb1 Bxb3 33. Rxd2 Rxd2 34. Kh2 a5 35. Re1 a4 36. Ba3 Rxf2 37. Kg3 Rd2 38. Kf4 e5+ 39. Ke3 Rxg2 40. Bd3 Rxg5 41. Kf2 Bd5 42. Bb5 Rg2+ 43. Kf1 Ra2 44. Bd6 a3 45. c4 Be4 46. Bxc6 bxc6 47. Bxe5 Bd3+ 48. Kg1 Bxc4 49. Re3 Re2 0-1


[Site "https://www.chess.com"]

[Event "Titled Tuesday Blitz February 21 Early 2023"]
[White "Mitrabha, Guha"]
[Black "Golubka, Petro"]
[WhiteFideId "5057000"]
[BlackFideId "14114224"]
[WhiteElo "2507"]
[BlackElo "2371"]
[Result "1-0"]
[Round "05"]
[TimeControl "180+2"]
[Date "2023.02.21"]
[WhiteClock "0:00:12"]
[BlackClock "0:00:03"]

1. d4 d5 2. Nf3 c6 3. c4 e6 4. e3 Nf6 5. Nbd2 Nbd7 6. Bd3 g6 7. O-O Bg7 8. a4 a5 9. b3 O-O 10. Ba3 Re8 11. Qc2 Nh5 12. Rac1 f5 13. Ne1 Nb6 14. f4 Nd7 15. Nef3 Ndf6 16. Ne5 Bd7 17. Ndf3 Bf8 18. Bxf8 Rxf8 19. Rb1 Qc7 20. Rfc1 Rfc8 21. b4 axb4 22. Rxb4 c5 23. Rbb1 Bxa4 24. Qb2 Bc6 25. dxc5 Qe7 26. Nd4 Qxc5 27. cxd5 Qxd5 28. Bc4 Qe4 29. Bxe6+ Kg7 30. Nexc6 Qxe3+ 31. Kh1 Rxc6 32. Re1 Qxf4 33. Nxc6 bxc6 34. Qb7+ Kh6 35. Qxa8 Ng4 36. Qb8 Nf2+ 37. Kg1 Qd4 38. Kf1 Ng4 39. Re2 Nf4 40. Bxf5 Nxh2+ 41. Ke1 Nxe2 42. Qxh2+ Kg7 43. Kxe2 gxf5 44. Qg3+ Kf6 45. Qd3 Qg4+ 46. Kf2 Qf4+ 47. Kg1 Qd4+ 48. Qxd4+ 1-0


[Site "https://www.chess.com"]

[Event "Titled Tuesday Blitz February 21 Early 2023"]
[White "Leiva, Gianmarco"]
[Black "Ibarra Jerez, Jose Carlos"]
[WhiteFideId "3804399"]
[BlackFideId "2226332"]
[WhiteElo "2392"]
[BlackElo "2563"]
[Result "0-1"]
[Round "05"]
[TimeControl "180+2"]
[Date "2023.02.21"]
[WhiteClock "0:00:22"]
[BlackClock "0:01:08"]

1. e4 c5 2. Nf3 Nc6 3. Bb5 e6 4. O-O Nge7 5. c3 a6 6. Ba4 b5 7. Bc2 Bb7 8. d3 Rc8 9. a4 b4 10. Nbd2 Ng6 11. Re1 Be7 12. Nf1 O-O 13. Ng3 d5 14. Qe2 d4 15. c4 Bd6 16. Nh5 Qc7 17. g3 Rce8 18. Qf1 f5 19. Ng5 Qd7 20. Qh3 h6 21. exf5 exf5 22. Nf3 Nce5 23. Nxe5 Nxe5 24. Rxe5 Rxe5 25. Nf4 Re1+ 0-1


[Site "https://www.chess.com"]

[Event "Titled Tuesday Blitz February 21 Early 2023"]
[White "Dubov, Daniil"]
[Black "Madaminov, Mukhiddin"]
[WhiteFideId "24126055"]
[BlackFideId "14210703"]
[WhiteElo "2708"]
[BlackElo "2422"]
[Result "1-0"]
[Round "05"]
[TimeControl "180+2"]
[Date "2023.02.21"]
[WhiteClock "0:00:07"]
[BlackClock "0:00:01"]

1. d4 Nf6 2. Nf3 g6 3. c4 Bg7 4. Nc3 d5 5. Bg5 dxc4 6. e4 c5 7. d5 b5 8. e5 b4 9. Bxf6 exf6 10. Ne4 fxe5 11. Bxc4 O-O 12. O-O Nd7 13. d6 Nb6 14. Bd5 Nxd5 15. Qxd5 Be6 16. Qxc5 Qb6 17. Rac1 Rfc8 18. Qxb6 axb6 19. Rc7 f5 20. Neg5 Bxa2 21. Ra1 Rd8 22. h4 Rxd6 23. h5 e4 24. Rxa2 Rxa2 25. Rc8+ Bf8 26. Ne5 Ra5 27. Nef7 Rd1+ 28. Kh2 Rc5 29. Rb8 Kg7 30. Rb7 Kg8 31. h6 Rc6 32. Ne5 Rf6 33. Nxh7 Re6 34. Ng5 Bd6 35. h7+ Kh8 36. Nf7+ Kxh7 37. Nxd6+ Kh6 38. Ndf7+ Kg7 39. Ng5+ Kf6 40. Nxe6 Kxe5 41. Rxb6 Rd2 42. Nf8 Rxf2 43. Nxg6+ Kd4 44. Rxb4+ Kd3 45. Rb3+ Kc4 46. Rb8 e3 47. Kg3 Rf1 48. Nf4 Kd4 49. Rd8+ Ke4 50. Re8+ Kd4 51. b4 Rb1 52. Ne2+ Kd3 53. Nf4+ Kd4 54. b5 Rxb5 55. Kf3 Rb3 56. Ne2+ Kd5 57. Rxe3 Rb4 58. Nf4+ Kd6 59. g3 Kd7 60. Re5 Rb3+ 61. Kg2 Rb2+ 62. Kh3 Rb8 63. Rxf5 Ke7 64. Kg4 Rg8+ 65. Rg5 Ra8 66. Rg6 Kf7 67. Rb6 Rg8+ 68. Kf3 Rc8 69. Rb3 Kf6 70. Re3 Ra8 71. g4 Ra1 72. Re6+ Kf7 73. Rb6 Ra3+ 74. Ke4 Ra4+ 75. Ke5 Ra5+ 76. Nd5 Ra3 77. Kf5 Rf3+ 78. Nf4 Ra3 79. Rb7+ Kf8 80. Ng6+ Kg8 81. Ne5 Ra6 82. g5 Rd6 83. Rb8+ Kg7 84. Rb7+ Kg8 85. Ng4 Rd5+ 86. Kg6 Kf8 87. Rf7+ Ke8 88. Nf6+ 1-0


[Site "https://www.chess.com"]

[Event "Titled Tuesday Blitz February 21 Early 2023"]
[White "Narayanan, Srinath"]
[Black "Lazavik, Denis"]
[WhiteFideId "5018420"]
[BlackFideId "13515110"]
[WhiteElo "2559"]
[BlackElo "2544"]
[Result "0-1"]
[Round "05"]
[TimeControl "180+2"]
[Date "2023.02.21"]
[WhiteClock "0:00:04"]
[BlackClock "0:00:09"]

1. Nf3 d5 2. e3 Nf6 3. c4 c6 4. b3 Bf5 5. Bb2 e6 6. Nc3 Nbd7 7. d4 Bd6 8. Bd3 O-O 9. Bxf5 exf5 10. O-O Re8 11. a3 a6 12. Qd3 g6 13. cxd5 cxd5 14. a4 Qe7 15. Rfc1 Rac8 16. Rc2 Nb8 17. Rac1 Nc6 18. Na2 Ne4 19. Ne5 Nxe5 20. dxe5 Rxc2 21. Qxc2 Bxe5 22. Bxe5 Qxe5 23. Nb4 d4 24. Nd3 Qd6 25. exd4 Qxd4 26. g3 Rd8 27. Ne1 Qb6 28. Nf3 h5 29. h4 Nxg3 30. Qc7 Ne2+ 31. Kf1 Qxc7 32. Rxc7 Nf4 33. Kg1 Rd3 34. Ne5 Rxb3 35. Nxf7 Rb4 36. Nd6 Rxa4 37. Rxb7 Ne6 38. Re7 Nc5 39. Rc7 Ne4 40. Nf7 Ra1+ 41. Kg2 Ra2 42. Ne5 Rxf2+ 43. Kg1 Rf4 44. Rc6 Kh7 45. Rxa6 Rxh4 46. Rxg6 Rg4+ 47. Nxg4 Kxg6 48. Ne5+ Kg5 49. Kg2 Kf6 50. Nf3 Ng5 51. Nd2 Ne6 52. Kh3 Kg5 53. Nf3+ Kf4 54. Nd2 Ng5+ 55. Kg2 h4 56. Nc4 Nf7 57. Kh3 Ne5 58. Nd6 Ng6 59. Nf7 Ke3 60. Ng5 Kd4 61. Nf7 Ke4 62. Ng5+ Ke3 63. Ne6 f4 64. Ng5 f3 65. Kh2 f2 66. Nf3 Kxf3 0-1


[Site "https://www.chess.com"]

[Event "Titled Tuesday Blitz February 21 Early 2023"]
[White "Molina, Roberto Junio Brito"]
[Black "Korobov, Anton"]
[WhiteFideId "2109450"]
[BlackFideId "14105730"]
[WhiteElo "2403"]
[BlackElo "2664"]
[Result "1-0"]
[Round "05"]
[TimeControl "180+2"]
[Date "2023.02.21"]
[WhiteClock "0:00:10"]
[BlackClock "0:00:05"]

1. d4 Nf6 2. c4 e6 3. Nf3 d5 4. Nc3 c6 5. Bg5 h6 6. Bh4 dxc4 7. e4 g5 8. Bg3 b5 9. h4 g4 10. Ne5 Bb7 11. Be2 Nbd7 12. O-O Rg8 13. Qc2 Nh5 14. Nxg4 Nxg3 15. fxg3 h5 16. Nh2 Nf6 17. Rad1 Rxg3 18. e5 c5 19. Bf3 Bxf3 20. Nxf3 Ng4 21. Qh7 cxd4 22. Ne4 Qc7 23. Rxd4 Rd8 24. Rxd8+ Kxd8 25. Qh8 Qe7 26. Nfg5 Kc8 27. Rxf7 Rd3 28. Qxf8+ Qxf8 29. Rxf8+ Kc7 30. Nxe6+ Kc6 31. N6g5 b4 32. Rf1 Kd5 33. e6 1-0


[Site "https://www.chess.com"]

[Event "Titled Tuesday Blitz February 21 Early 2023"]
[White "Ivic, Velimir"]
[Black "Svane, Rasmus"]
[WhiteFideId "950122"]
[BlackFideId "4657101"]
[WhiteElo "2595"]
[BlackElo "2623"]
[Result "0-1"]
[Round "05"]
[TimeControl "180+2"]
[Date "2023.02.21"]
[WhiteClock "0:00:01"]
[BlackClock "0:00:06"]

1. e4 c6 2. d4 d5 3. e5 Bf5 4. h4 h5 5. Bd3 Bxd3 6. Qxd3 Qa5+ 7. Nd2 e6 8. Nf3 Nh6 9. O-O Nf5 10. Nb3 Qb5 11. Qd1 c5 12. a4 Qb6 13. dxc5 Bxc5 14. Nxc5 Qxc5 15. c3 Qc7 16. Re1 Nc6 17. Bg5 Rc8 18. Qe2 a6 19. g3 Na5 20. Rad1 Qc4 21. Qc2 Qb3 22. Qb1 Qxa4 23. Nd4 Nxd4 24. Rxd4 Qd7 25. Qd1 Nc6 26. Rd3 Ne7 27. b3 Nf5 28. c4 d4 29. Re4 b5 30. cxb5 axb5 31. Rf4 Qc6 32. Qe2 Kf8 33. Kh2 Kg8 34. Rd2 Qd5 35. Rf3 b4 36. Ra2 Rc3 37. Rf4 d3 38. Qd1 Rxb3 39. Ra7 Rb2 40. Kg1 Nd4 41. Rxd4 Rb1 42. Qxb1 Qxd4 43. Rc7 Kh7 44. Rc1 Ra8 45. Rd1 Ra3 46. Bc1 Ra1 47. Qb3 Qc3 0-1


[Site "https://www.chess.com"]

[Event "Titled Tuesday Blitz February 21 Early 2023"]
[White "Kovalenko, Igor"]
[Black "Stribuk, Artiom"]
[WhiteFideId "14117908"]
[BlackFideId "13515659"]
[WhiteElo "2674"]
[BlackElo "2378"]
[Result "1-0"]
[Round "05"]
[TimeControl "180+2"]
[Date "2023.02.21"]
[WhiteClock "0:01:38"]
[BlackClock "0:00:05"]

1. c4 g6 2. g3 c5 3. Bg2 Bg7 4. Nc3 Nc6 5. Nf3 e5 6. d3 Nge7 7. Rb1 d6 8. O-O O-O 9. a3 a5 10. Bd2 Be6 11. Ng5 Bg4 12. h3 Bc8 13. Nb5 f5 14. b4 axb4 15. axb4 h6 16. Nf3 e4 17. Ne1 Be6 18. Nc2 Ra2 19. Bf4 Ne5 20. Ne3 exd3 21. exd3 g5 22. Bxe5 Bxe5 23. d4 Bg7 24. dxc5 dxc5 25. bxc5 f4 26. Nd5 f3 27. Bxf3 Bxh3 28. Bg2 Bxg2 29. Kxg2 Nf5 30. Qd3 g4 31. Rbe1 Qg5 32. Re2 Rfa8 33. Rxa2 Rxa2 34. Qxf5 1-0


[Site "https://www.chess.com"]

[Event "Titled Tuesday Blitz February 21 Early 2023"]
[White "Boruchovsky, Avital"]
[Black "Indjic, Aleksandar"]
[WhiteFideId "2800055"]
[BlackFideId "911925"]
[WhiteElo "2539"]
[BlackElo "2618"]
[Result "0-1"]
[Round "05"]
[TimeControl "180+2"]
[Date "2023.02.21"]
[WhiteClock "0:00:03"]
[BlackClock "0:00:53"]

1. Nf3 c5 2. g3 g6 3. c3 Bg7 4. d4 Qc7 5. Bg2 Nf6 6. O-O O-O 7. Re1 d5 8. Bf4 Qb6 9. Qc1 Nc6 10. dxc5 Qxc5 11. Nbd2 a5 12. Nb3 Qb6 13. Be3 Qc7 14. Bh6 e5 15. Bxg7 Kxg7 16. h3 a4 17. Nbd2 e4 18. Nd4 e3 19. Nf1 exf2+ 20. Kxf2 Ne5 21. g4 Re8 22. Kg1 h5 23. g5 Ne4 24. Qf4 Qe7 25. Bxe4 dxe4 26. Ng3 Bxh3 27. Nxe4 Ng4 28. Ng3 Qe3+ 29. Qxe3 Rxe3 30. Ndf5+ gxf5 31. Nxf5+ Kg6 32. Nxe3 Nxe3 33. Rac1 Kxg5 34. Kf2 Kf4 35. Rh1 Bg4 36. c4 Re8 37. c5 f5 38. c6 bxc6 39. Rxc6 Re4 40. b3 axb3 41. axb3 Kg5 42. Ra1 h4 43. Raa6 Bh5 44. Rc8 Ng4+ 45. Kf1 h3 46. Rg8+ Kh4 47. Kg1 Rxe2 0-1


[Site "https://www.chess.com"]

[Event "Titled Tuesday Blitz February 21 Early 2023"]
[White "Milikow, Yoav"]
[Black "Anton Guijarro, David"]
[WhiteFideId "2822237"]
[BlackFideId "2285525"]
[WhiteElo "2394"]
[BlackElo "2690"]
[Result "0-1"]
[Round "05"]
[TimeControl "180+2"]
[Date "2023.02.21"]
[WhiteClock "0:00:03"]
[BlackClock "0:00:14"]

1. d4 Nf6 2. c4 e6 3. Nc3 Bb4 4. Qc2 d6 5. Nf3 O-O 6. e4 e5 7. dxe5 dxe5 8. Nxe5 Re8 9. Nd3 Bxc3+ 10. bxc3 Nxe4 11. Be3 Qf6 12. Rc1 Bg4 13. h3 Bh5 14. Nf4 Bg6 15. Nxg6 Qxg6 16. Rg1 f5 17. g3 Nc6 18. Be2 Rad8 19. Kf1 Ne5 20. Bf4 Qc6 21. f3 Nf6 22. Kf2 Qc5+ 23. Kg2 Nxc4 24. Bxc4+ Qxc4 25. Rge1 g6 26. Kf2 Kf7 27. Be3 b6 28. g4 f4 29. Bd4 Rxe1 30. Rxe1 Rxd4 0-1


[Site "https://www.chess.com"]

[Event "Titled Tuesday Blitz February 21 Early 2023"]
[White "Malek, Jan"]
[Black "Timofeev, Artyom"]
[WhiteFideId "21864080"]
[BlackFideId "4140419"]
[WhiteElo "2370"]
[BlackElo "2567"]
[Result "0-1"]
[Round "05"]
[TimeControl "180+2"]
[Date "2023.02.21"]
[WhiteClock "0:00:05"]
[BlackClock "0:00:56"]

1. c4 e5 2. Nc3 Bb4 3. Qc2 Nf6 4. a3 Bxc3 5. Qxc3 Nc6 6. g3 O-O 7. Bg2 d5 8. cxd5 Nxd5 9. Qc2 Nd4 10. Qd1 Be6 11. Nf3 Nf4 12. gxf4 Bb3 13. Nxd4 Bxd1 14. Nf3 Bb3 15. fxe5 Bd5 16. d3 c5 17. Be3 Qa5+ 18. Bd2 Qb6 19. Bc3 Rfe8 20. Rg1 Qh6 21. e4 Be6 22. Bd2 Qh5 23. Be3 Rad8 24. Ke2 Bg4 25. Rac1 Qxe5 26. Rc3 c4 27. Bh1 Bxf3+ 28. Bxf3 cxd3+ 29. Kd2 Rc8 30. Rgc1 Rxc3 31. Rxc3 Qxh2 32. Rxd3 h5 33. Rd5 g6 34. Ke2 Qc7 35. Rc5 Qd7 36. b4 Rc8 37. Kf1 Rxc5 38. Bxc5 Qa4 0-1


[Site "https://www.chess.com"]

[Event "Titled Tuesday Blitz February 21 Early 2023"]
[White "Bharath Subramaniyam H"]
[Black "Kilic, Eray"]
[WhiteFideId "46634827"]
[BlackFideId "44517173"]
[WhiteElo "2517"]
[BlackElo "2414"]
[Result "0-1"]
[Round "05"]
[TimeControl "180+2"]
[Date "2023.02.21"]
[WhiteClock "0:00:06"]
[BlackClock "0:00:52"]

1. e4 c5 2. Nf3 d6 3. d4 cxd4 4. Nxd4 Nf6 5. Nc3 a6 6. h3 e5 7. Nb3 h5 8. Bg5 Be6 9. Qd2 Nbd7 10. O-O-O Qc7 11. Kb1 Rc8 12. f4 b5 13. f5 Bc4 14. Bxc4 bxc4 15. Bxf6 Nxf6 16. Nc1 Qb7 17. Rhe1 Be7 18. Nd5 Nxd5 19. Qxd5 Qb6 20. g4 O-O 21. c3 Rc5 22. Qd2 Rb8 23. Qg2 Rb5 24. Re2 h4 25. Qf2 Rxb2+ 26. Rxb2 Qxf2 27. Rxb8+ Kh7 28. Rb2 Qf3 29. Ne2 Qxe4+ 30. Ka1 d5 31. Rbd2 Bg5 32. Rb2 Be3 33. Nc1 d4 34. Re2 Qf3 35. Ree1 Bd2 36. Rf1 Bxc3+ 37. Kb1 Qe4+ 38. Nd3 cxd3 0-1


[Site "https://www.chess.com"]

[Event "Titled Tuesday Blitz February 21 Early 2023"]
[White "Fier, Alexandr"]
[Black "Caruana, Fabiano"]
[WhiteFideId "2107139"]
[BlackFideId "2020009"]
[WhiteElo "2589"]
[BlackElo "2764"]
[Result "0-1"]
[Round "05"]
[TimeControl "180+2"]
[Date "2023.02.21"]
[WhiteClock "0:00:13"]
[BlackClock "0:00:09"]

1. e4 e5 2. Nf3 Nc6 3. Bc4 Nf6 4. d3 Bc5 5. Bg5 h6 6. Bh4 Be7 7. Nc3 d6 8. a3 O-O 9. Bxf6 Bxf6 10. Nd5 g6 11. h4 Bg7 12. h5 g5 13. Ne3 Kh8 14. g4 Nd4 15. Nxd4 exd4 16. Nf5 Bxf5 17. gxf5 c6 18. Qf3 Be5 19. Kf1 b5 20. Ba2 a5 21. Kg2 g4 22. Qe2 Qg5 23. Rag1 a4 24. Qd1 Ra7 25. Kf1 Rg8 26. Rg2 Rg7 27. Rhg1 Qxh5 28. Rxg4 Ra8 29. f6 Rg6 30. Bxf7 Qh3+ 31. Ke1 Rxf6 32. Bg6 Bf4 33. Bf5 Rxf5 34. exf5 Re8+ 35. Qe2 Rxe2+ 36. Kxe2 Bg5 37. Rxd4 Qxf5 38. Re4 d5 39. Re8+ Kh7 40. Rg3 Qf7 41. Ra8 Qh5+ 42. Rf3 Qg4 43. Ra7+ Kg6 44. Rc7 Qe6+ 45. Kf1 Kh5 46. Kg2 Qe5 47. Rc8 Qxb2 48. Rg8 Qxc2 49. Rh3+ Kg4 50. Rxh6 Qxd3 51. Rhg6 Qe4+ 52. Kg1 Qf4 53. Rxc6 d4 54. Rc5 b4 55. axb4 d3 56. Rd5 d2 57. Rg7 a3 58. Ra7 Qe4 59. Rxd2 Bxd2 60. Rxa3 Qe2 61. Rg3+ Kf4 62. b5 Be1 63. Rg2 Qxb5 64. Kh2 Qh5+ 65. Kg1 Qe2 66. Kh1 Qf1+ 67. Kh2 Qe2 68. Kh1 Bxf2 69. Rg8 Qf3+ 70. Kh2 Qh5+ 71. Kg2 Qf3+ 72. Kh2 Bg3+ 73. Kh3 Qh1# 0-1


[Site "https://www.chess.com"]

[Event "Titled Tuesday Blitz February 21 Early 2023"]
[White "Le, Tuan Minh"]
[Black "Halkias, Stelios"]
[WhiteFideId "12401153"]
[BlackFideId "4201809"]
[WhiteElo "2542"]
[BlackElo "2511"]
[Result "1-0"]
[Round "05"]
[TimeControl "180+2"]
[Date "2023.02.21"]
[WhiteClock "0:02:18"]
[BlackClock "0:00:14"]

1. d4 Nf6 2. Nf3 e6 3. Bf4 d5 4. e3 Bd6 5. Nbd2 O-O 6. c3 c5 7. Bd3 Qc7 8. Bxd6 Qxd6 9. Ne5 Nbd7 10. f4 c4 11. Bc2 b5 12. O-O Bb7 13. Rf3 Ne4 14. Rh3 f5 15. Nxe4 dxe4 16. Qh5 Nf6 17. Qh4 Bd5 18. g4 fxg4 19. Nxg4 Qe7 20. Kh1 Rae8 21. Rg1 g6 22. Ne5 Nd7 23. Rxg6+ 1-0


[Site "https://www.chess.com"]

[Event "Titled Tuesday Blitz February 21 Early 2023"]
[White "Martinez Alcantara, Jose Eduardo"]
[Black "Zahid, Sanatan"]
[WhiteFideId "3805662"]
[BlackFideId "10201963"]
[WhiteElo "2619"]
[BlackElo "1930"]
[Result "1-0"]
[Round "05"]
[TimeControl "180+2"]
[Date "2023.02.21"]
[WhiteClock "0:01:38"]
[BlackClock "0:00:22"]

1. e4 e6 2. d4 d6 3. Bd3 Nd7 4. f4 g6 5. Nf3 Bg7 6. O-O c5 7. c3 Ne7 8. Be3 d5 9. e5 cxd4 10. cxd4 Nc6 11. Nc3 a6 12. a3 h5 13. Bf2 Bf8 14. Rc1 Be7 15. Qc2 Nf8 16. Na4 Rb8 17. Nc5 Qc7 18. b4 Bd7 19. Ng5 Bxg5 20. fxg5 Qd8 21. Be3 Ne7 22. Qb2 Nf5 23. Bd2 Bb5 24. a4 Bxd3 25. Nxd3 Nh7 26. b5 O-O 27. Rxf5 gxf5 28. h4 Re8 29. Nf4 axb5 30. axb5 Rc8 31. Nxh5 Rxc1+ 32. Bxc1 Qb6 33. Nf6+ Nxf6 34. gxf6 Rc8 35. Kh2 Kf8 36. Qa3+ Kg8 37. Qg3+ 1-0


[Site "https://www.chess.com"]

[Event "Titled Tuesday Blitz February 21 Early 2023"]
[White "Lagno, Kateryna"]
[Black "Hakobyan, Aram"]
[WhiteFideId "14109336"]
[BlackFideId "13306677"]
[WhiteElo "2558"]
[BlackElo "2608"]
[Result "0-1"]
[Round "05"]
[TimeControl "180+2"]
[Date "2023.02.21"]
[WhiteClock "0:00:32"]
[BlackClock "0:01:10"]

1. e4 g6 2. d4 Bg7 3. Nc3 c5 4. dxc5 Bxc3+ 5. bxc3 Nf6 6. e5 Ne4 7. Qd4 Qa5 8. Bd3 Nc6 9. Qxe4 Qxc3+ 10. Kd1 Qxa1 11. Nf3 b6 12. Bc4 Bb7 13. Qd5 Nd8 14. Qd3 Ne6 15. cxb6 axb6 16. Ke2 Bxf3+ 17. Kxf3 Qxe5 18. Be3 Qf5+ 19. Qxf5 gxf5 20. Bxb6 O-O 21. Rd1 Rfc8 22. Bb3 d6 23. Rd5 Nc5 24. Bxc5 Rxc5 25. Rxc5 dxc5 26. Kf4 c4 0-1


[Site "https://www.chess.com"]

[Event "Titled Tuesday Blitz February 21 Early 2023"]
[White "Bluebaum, Matthias"]
[Black "Talibov, Shiroghlan"]
[WhiteFideId "24651516"]
[BlackFideId "13429078"]
[WhiteElo "2669"]
[BlackElo "2359"]
[Result "1/2-1/2"]
[Round "05"]
[TimeControl "180+2"]
[Date "2023.02.21"]
[WhiteClock "0:00:07"]
[BlackClock "0:00:20"]

1. d4 Nf6 2. c4 e6 3. Nc3 d5 4. cxd5 Nxd5 5. e4 Nxc3 6. bxc3 c5 7. Rb1 cxd4 8. cxd4 Nc6 9. Bb5 Bd7 10. Nf3 Bb4+ 11. Bd2 Bxd2+ 12. Qxd2 O-O 13. O-O b6 14. d5 Na5 15. Bd3 Rc8 16. Rbc1 exd5 17. exd5 Qf6 18. Ba6 Rxc1 19. Rxc1 Bg4 20. Nd4 Rd8 21. h3 Bd7 22. Qc3 Re8 23. Qc7 Bxh3 24. gxh3 Qxd4 25. Qe7 Qa4 26. Rc8 Rxc8 27. Bxc8 g6 28. d6 Qd1+ 29. Kh2 Qd4 30. Kg2 Qd5+ 31. Kg1 Qd1+ 32. Kg2 Qd5+ 33. Kg3 Nc6 34. Qe8+ Kg7 35. d7 Qd3+ 36. Kh2 Qd6+ 37. Kg2 Qd5+ 38. Kg1 Qd1+ 39. Kg2 Qd5+ 40. Kg1 Qd1+ 41. Kh2 Qd6+ 42. Kg2 Qd5+ 1/2-1/2


[Site "https://www.chess.com"]

[Event "Titled Tuesday Blitz February 21 Early 2023"]
[White "Horvath, Dominik"]
[Black "Deac, Bogdan-Daniel"]
[WhiteFideId "1642561"]
[BlackFideId "1226380"]
[WhiteElo "2523"]
[BlackElo "2700"]
[Result "1/2-1/2"]
[Round "05"]
[TimeControl "180+2"]
[Date "2023.02.21"]
[WhiteClock "0:00:10"]
[BlackClock "0:00:05"]

1. e4 c6 2. d4 d5 3. exd5 cxd5 4. Nf3 Bg4 5. c3 Nc6 6. h3 Bxf3 7. Qxf3 e6 8. Bd3 Bd6 9. O-O Nge7 10. Nd2 Ng6 11. Re1 O-O 12. Qh5 Qf6 13. Re3 e5 14. dxe5 Ncxe5 15. Bc2 Bc5 16. Re2 Rae8 17. Kf1 h6 18. Nb3 Bb6 19. Qf5 Qd6 20. h4 Nc4 21. Rxe8 Rxe8 22. g3 Qe7 23. Nd4 Bxd4 24. cxd4 Qb4 25. Bxh6 gxh6 26. h5 Nf8 27. Qg4+ Kh8 28. Qf4 Qd6 29. Qxf7 Qe6 30. Qf3 Kg7 31. Kg2 Nd6 32. Rh1 Ne4 33. Rh4 Nh7 34. Qf4 Rf8 35. Qg4+ Qxg4 36. Rxg4+ Kh8 37. Bxe4 Nf6 38. Rg6 dxe4 39. Rxh6+ Kg7 40. Rg6+ Kf7 41. g4 Rd8 42. Rh6 Nxg4 43. Rh7+ Kf6 44. Rxb7 Rxd4 45. Rxa7 Rd2 46. Kg3 Nxf2 47. Kf4 Rd3 48. Ra6+ Kf7 49. Ra3 Rd5 50. Ke3 Rf5 51. h6 Kg6 52. Ra6+ Kh7 53. Re6 Rf3+ 54. Ke2 Rf7 55. a4 Nh1 56. Ke3 Ng3 57. a5 Rf3+ 58. Kd2 Rb3 59. a6 Rxb2+ 60. Ke3 Rb3+ 61. Kf4 Rf3+ 62. Kg4 Ra3 63. a7 Ne2 64. Rxe4 Nc1 65. Re6 Rxa7 66. Kh5 Ra5+ 67. Kh4 Nd3 68. Rd6 Ra4+ 69. Kg3 Nc5 70. Rd5 Ne4+ 71. Kg2 Ra2+ 72. Kf3 Nf6 73. Rd6 Ne8 74. Rc6 Ra8 75. Kf4 Ra7 76. Kg5 Nc7 77. Kh5 Ra5+ 78. Kh4 Nd5 79. Rd6 Ne3 80. Rd7+ Kxh6 81. Rb7 Nf5+ 82. Kg4 Kg6 83. Rb6+ Kf7 84. Kf4 Ne7 85. Rh6 Ng6+ 86. Ke4 Kf6 87. Kd4 Ra4+ 88. Kc5 Rg4 89. Rh1 Ke6 90. Rh6 Ke7 91. Rh1 Ne5 92. Kd5 Nd7 93. Rh7+ Kd8 94. Rh1 Nf6+ 95. Ke6 Nd7 96. Rh8+ Kc7 97. Rh1 Re4+ 98. Kd5 Re2 99. Kd4 Kd6 100. Rh6+ Ke7 101. Rh7+ Ke6 102. Rh6+ Nf6 103. Kc5 Ra2 104. Rh1 Ke5 105. Kc4 Ne4 106. Rh5+ Kf4 107. Rh4+ Kf5 108. Rh5+ Kg4 109. Rh8 Kf4 110. Rh4+ Kf3 111. Rh3+ Kg4 112. Rh8 Ra1 113. Kd4 Ng5 114. Kc4 Rc1+ 115. Kd3 Kf5 116. Rf8+ Ke5 117. Re8+ Ne6 118. Rh8 Nf4+ 119. Ke3 Rc3+ 120. Kd2 Ra3 121. Kc2 Ke4 122. Re8+ Kd4 123. Kb2 Rh3 124. Rf8 Nd3+ 125. Kb3 Nc5+ 126. Kc2 Rh2+ 127. Kd1 Kc3 128. Ke1 Nd3+ 129. Kf1 Kd2 130. Re8 Rh4 1/2-1/2


[Site "https://www.chess.com"]

[Event "Titled Tuesday Blitz February 21 Early 2023"]
[White "Lenderman, Aleksandr"]
[Black "EREBUNI91"]
[WhiteFideId "2021285"]
[WhiteElo "2572"]
[BlackElo "2722"]
[Result "1-0"]
[Round "05"]
[TimeControl "180+2"]
[Date "2023.02.21"]
[WhiteClock "0:01:08"]
[BlackClock "0:00:10"]

1. Nf3 Nf6 2. c4 e6 3. Nc3 d5 4. e3 Be7 5. b3 O-O 6. Bb2 b6 7. cxd5 Nxd5 8. Nxd5 exd5 9. Qc2 c5 10. d4 Nc6 11. Bd3 Nb4 12. Bxh7+ Kh8 13. Qb1 g6 14. Bxg6 fxg6 15. Qxg6 Bf5 16. dxc5+ Bf6 17. Qh5+ Bh7 18. Bxf6+ Qxf6 19. O-O bxc5 20. a3 Nd3 21. Qxd5 Rad8 22. Qh5 Rg8 23. Rad1 Qg7 24. g3 Qg6 25. Qxg6 Bxg6 26. Nh4 Bf7 27. Rb1 Rb8 28. Rfd1 Rgd8 29. b4 cxb4 30. axb4 Ba2 31. Ra1 Nxb4 32. Ng6+ Kg7 33. Ne5 Rxd1+ 34. Rxd1 a5 35. Rd7+ Kf6 36. f4 a4 37. Ra7 Bb3 38. g4 Nc2 39. Nd7+ Ke6 40. Nxb8 a3 41. Nc6 a2 42. Nd4+ Nxd4 43. exd4 Kd5 44. f5 Kxd4 45. f6 Kc3 46. g5 Kb2 47. g6 Ba4 48. Rxa4 1-0


[Site "https://www.chess.com"]

[Event "Titled Tuesday Blitz February 21 Early 2023"]
[White "Costachi, Mihnea"]
[Black "Daneshvar, Bardiya"]
[WhiteFideId "1217518"]
[BlackFideId "12576468"]
[WhiteElo "2476"]
[BlackElo "2540"]
[Result "0-1"]
[Round "05"]
[TimeControl "180+2"]
[Date "2023.02.21"]
[WhiteClock "0:00:03"]
[BlackClock "0:01:03"]

1. Nc3 Nc6 2. d4 g6 3. d5 Nb8 4. e4 Bg7 5. f4 d6 6. Nf3 c6 7. Be2 Bxc3+ 8. bxc3 Nf6 9. Qd4 cxd5 10. exd5 Qa5 11. Bc4 Nbd7 12. O-O Nb6 13. Re1 Kd8 14. Kh1 Nxc4 15. Qxc4 Qxd5 16. Qe2 Re8 17. Ba3 Bg4 18. Rf1 Qe4 19. Qb5 Qc6 20. Qa5+ b6 21. Qb4 Nd5 22. Qd4 Kc8 23. Ng5 f6 24. Ne4 Bf5 25. Rfe1 Kb7 26. c4 Bxe4 27. Rxe4 Nxf4 28. Rae1 e5 29. Qd2 f5 30. R4e3 Rad8 31. Kg1 Qxc4 32. g3 Nh3+ 33. Kg2 Ng5 34. Rc3 Ne4 35. Rxc4 Nxd2 36. Rc3 Ne4 37. Rd3 d5 38. Re2 d4 39. Bb2 Nc5 40. Rd1 Kc6 41. c3 d3 42. Ree1 e4 43. Bc1 Kd5 44. Be3 Na4 45. Rc1 Rc8 46. Bd2 Rc4 47. Kf2 Rec8 48. g4 Rxc3 49. Bxc3 Nxc3 50. Rf1 f4 51. Kg2 g5 52. h4 h6 53. hxg5 hxg5 54. Rh1 Kd4 55. Rxc3 Rxc3 0-1


[Site "https://www.chess.com"]